 Dungeon Crawl Stone Soup version 0.22-a0-109-gbeb7240 (webtiles) character file.

371 HAL9000 the Cutter (level 6, -2/30 HPs)
             Began as a Vine Stalker Assassin on Jan 26, 2018.
             Killed from afar by sankara's ghost (7 damage)
             ... with a magic dart
             ... on level 4 of the Dungeon.
             The game lasted 00:05:05 (2864 turns).

HAL9000 the Cutter (Vine Stalker Assassin)          Turns: 2864, Time: 00:05:06

Health: -2/30      AC:  3    Str: 15    XL:     6   Next: 70%
Magic:  0/16       EV: 11    Int: 11    God:
Gold:   78         SH:  0    Dex: 16    Spells: 5/5 levels left

rFire    + . .     SeeInvis .   F - +3 long sword of the Blessed Realm {holy, rPois MP+9 Stlth+}
rCold    . . .     Gourm    .   (no shield)
rNeg     . . .     Faith    .   D - +0 robe {rF+}
rPois    +         Spirit   +   (no helmet)
rElec    .         Reflect  .   d - +0 cloak
rCorr    .         Harm     .   (no gloves)
MR       .....                  (no boots)
Stlth    ++++......             (no amulet)
HPRegen  0.50/turn              i - ring of poison resistance
MPRegen  0.15/turn              (no ring)

@: no status effects
A: fangs 2, regeneration 1, magic shield, antimagic bite, no potion heal 3, rot
immunity
a: no special abilities


You were on level 4 of the Dungeon.
You were not hungry.

You visited 1 branch of the dungeon, and saw 4 of its levels.

You collected 78 gold pieces.

Inventory:

Hand Weapons
 a - a +2 dagger
 b - a +0 blowgun
 F - the +3 long sword of the Blessed Realm (weapon) {holy, rPois MP+9 Stlth+}
   (You found it on level 4 of the Dungeon)

   It has been blessed by the Shining One to cause great damage to the undead
   and demons.
   It protects you from poison.
   It affects your magic capacity (+9).
   It makes you more stealthy.
Missiles
 e - 8 poisoned needles
 f - 2 curare-tipped needles
Armour
 d - a +0 cloak (worn)
 j - a +0 shield
 D - a +0 robe of fire resistance (worn)
Jewellery
 i - a ring of poison resistance (left hand)
Scrolls
 l - a scroll of teleportation {unknown}
 m - 5 scrolls of identify
 n - a scroll of amnesia {unknown}
 q - 2 scrolls of remove curse {unknown}
 r - a scroll of immolation {unknown}
 v - a scroll of enchant armour {unknown}
 w - a scroll of magic mapping {unknown}
 B - a scroll of enchant weapon {unknown}
Potions
 h - a potion of haste {unknown}
 k - a potion of brilliance {unknown}
 o - a potion of curing {unknown}
 p - 2 potions of agility {unknown}
 s - 3 potions of mutation {unknown}
 t - a potion of might {unknown}
 x - a potion of heal wounds {unknown}
 z - 3 potions of flight {unknown}
Comestibles
 g - 5 rations
 E - 4 chunks of flesh


   Skills:
 - Level 1.7 Fighting
 + Level 6.3 Short Blades
 - Level 1.7 Throwing
 - Level 0.7 Dodging
 - Level 4.8 Stealth


You had 5 spell levels left.
You didn't know any spells.

Dungeon Overview and Level Annotations

Branches:
Dungeon (4/15)
 Temple: D:4-7

Altars:
The Shining One

Shops:
D:4 [

Annotations:
D:4 sankara's ghost, amateur DrCj


Innate Abilities, Weirdness & Mutations

You have extremely sharp teeth.
Your natural rate of healing is unusually fast.
When hurt, damage is shared between your health and your magic reserves.
Your bite disrupts and absorbs the magic of your enemies.
Potions cannot restore your health.
You are immune to rotting.


Message History

You bite sankara's ghost, but do no damage.
Sankara's ghost is moderately damaged.
Sankara's ghost hits you.
You barely miss sankara's ghost.
Sankara's ghost is moderately damaged.
Sankara's ghost closely misses you. Sankara's ghost hits you.
* * * LOW HITPOINT WARNING * * *
You hit sankara's ghost.
Sankara's ghost convulses.
You bite sankara's ghost, but do no damage.
Sankara's ghost is moderately damaged.
Sankara's ghost hits you.
* * * LOW HITPOINT WARNING * * *
You hit sankara's ghost.
Sankara's ghost convulses!
Sankara's ghost is severely damaged.
Sankara's ghost gestures at you while chanting.
The magic dart hits you!
* * * LOW HITPOINT WARNING * * *
Sankara's ghost points at you and mumbles some strange words.
The magic dart hits you!
You die...

# #.# #.# #.#
###.###.##### #.#
............# ...
###..######.# #.#
#..##### #.# #......#
#.# ##.###.# #W###
#..##.## ##...#
##.#...... #.@#.##
###...##########....###
.......................'
###...###########...####
##..# ..## ##.# .## #.#
.# #.# .# #.# ##


You could see sankara's ghost.

Vanquished Creatures
  An orc warrior (D:2)
  2 ogres
  An orc wizard (D:3)
  2 adders
  3 dart slugs
  3 orcs
  3 ball pythons
  A bat (D:1)
  2 giant cockroaches
  12 goblins
  8 hobgoblins (D:1)
  5 jackals
  2 quokkas
  3 frilled lizards
  8 kobolds
  A leopard gecko skeleton (D:4)
  8 rats
65 creatures vanquished.

Notes
Turn   | Place    | Note
-------+----------+-------------------------------------------
     0 | D:1      | HAL9000 the Vine Stalker Assassin began the quest for the Orb.
     0 | D:1      | Reached XP level 1. HP: 11/11 MP: 2/2
    54 | D:1      | Reached skill level 2 in Short Blades
   127 | D:1      | Reached XP level 2. HP: 10/15 MP: 3/3
   550 | D:1      | Reached skill level 3 in Short Blades
   566 | D:1      | Reached XP level 3. HP: 2/18 MP: 1/4
  1304 | D:2      | Found a glowing golden altar of the Shining One.
  1393 | D:2      | Gained mutation: Your natural rate of healing is unusually fast. [Vine Stalker growth]
  1393 | D:2      | Reached XP level 4. HP: 3/23 MP: 1/5
  1462 | D:2      | Noticed an ogre
  1465 | D:2      | Killed an ogre
  1465 | D:2      | Reached skill level 4 in Short Blades
  1465 | D:2      | Reached XP level 5. HP: 26/26 MP: 6/6
  1936 | D:3      | Noticed an orc warrior
  2039 | D:2      | Killed an orc warrior
  2039 | D:2      | Reached skill level 5 in Short Blades
  2039 | D:2      | Reached XP level 6. HP: 5/30 MP: 3/7
  2669 | D:4      | Reached skill level 6 in Short Blades
  2720 | D:4      | Found Zethedar's Armour Emporium.
  2807 | D:4      | Got a pitted long sword
  2820 | D:4      | Identified the +3 long sword of the Blessed Realm {holy, rPois MP+9 Stlth+} (You found it on level 4 of the Dungeon)
  2850 | D:4      | Noticed sankara's ghost (amateur DrCj)
  2864 | D:4      | Killed from afar by sankara's ghost

Vault maps used:
D:1:      nzn_arrival_settlement, minmay_misc_feat_square
D:2:      tso_metal_star
D:3:      first_ration, kennysheep_crisscross
D:4:      serial_shops, nicolae_shop_window_shopping, uniq_grinder

Skill      XL: |  1  2  3  4  5  6 |
---------------+-------------------+-----
Short Blades   | 2 3 4 5 6 |  6.3
Fighting       | |  1.7
Throwing       | |  1.7
Dodging        | |  0.7
Stealth        | |  4.8

Action                   |  1- 3 |  4- 6 || total
-------------------------+-------+-------++-------
Melee: Dagger            |    96 |    71 ||   167
       Bite              |    18 |    19 ||    37
       Long sword        |       |     9 ||     9
 Fire: Blowgun           |       |     7 ||     7
  Use: Scroll            |       |     1 ||     1
 Stab: Sleeping          |     6 |     4 ||    10
       Distracted        |     1 |     1 ||     2
  Eat: Chunk             |     1 |     5 ||     6
Armor: Robe              |    19 |     5 ||    24
Dodge: Dodged            |    48 |    28 ||    76

Table legend:
 A = Spawn XP
 B = Non-spawn XP
 C = Spawn XP percentage of total XP
 D = Spawn monster count
 E = Non-spawn monster count
 F = Spawn count percentage of total count
 G = Total turns spent on level
                    A         B        C        D         E        F      G
               +---------+---------+-------+---------+---------+-------+---------
         Total |       0 |     530 |   0.0 |       0 |      65 |   0.0 |  2864
               +---------+---------+-------+---------+---------+-------+---------
           D:1 |       0 |      53 |   0.0 |       0 |      28 |   0.0 |  1161
           D:2 |       0 |     289 |   0.0 |       0 |      21 |   0.0 |   609
           D:3 |       0 |      56 |   0.0 |       0 |      10 |   0.0 |   878
           D:4 |       0 |     132 |   0.0 |       0 |       6 |   0.0 |   216
               +---------+---------+-------+---------+---------+-------+---------
